 Dungeon Crawl Stone Soup version 0.31.0-11-ge490571c62 (webtiles) character file.

Game seed: 7606300690218256045

5884 Silvore the Carver (level 10, -5/77 HPs)
             Began as a Demonspawn Fighter on Feb 11, 2024.
             Was an Elder of Okawaru.
             Shot with an arrow by a centaur warrior (10 damage)
             ... on level 9 of the Dungeon.
             The game lasted 00:13:21 (7788 turns).

Silvore the Carver (Demonspawn Fighter)             Turns: 7788, Time: 00:13:21

Health: -5/77      AC: 20    Str: 20    XL:     10   Next: 52%
Magic:  10/10      EV:  7    Int:  9    God:    Okawaru [****..]
Gold:   486        SH:  6    Dex: 13    Spells: 9/9 levels left

rFire   . . .        a - +1 long sword (drain)
rCold   + + .        c - +1 buckler
rNeg    . . .        B - +0 plate armour
rPois   .            w - +0 helmet
rElec   .            t - scarf {rC+ rF+}
rCorr   .            (no gloves)
SInv    .            (no boots)
Will    +....        y - amulet of regeneration Stlth
                     m - ring of willpower
HPRegen 1.12/turn    i - ring of ice
MPRegen 0.12/turn

%: no passive effects
@: sanguine armoured
A: powered by death 3, sanguine armour 1
a: Renounce Religion, Heroism, Finesse


You were on level 9 of the Dungeon.
You worshipped Okawaru.
Okawaru was greatly pleased with you.
You visited 2 branches of the dungeon, and saw 10 of its levels.

You collected 486 gold pieces.

Inventory:

Hand Weapons
 a - a +1 long sword of draining (weapon)
 z - a +3 heavy long sword
Missiles
 u - 2 throwing nets (quivered)
Armour
 b - a +0 scale mail
 c - a +1 buckler (worn)
 e - a +2 hat
 o - an orb of guile
 t - a scarf of resistance (worn)
 w - a +0 helmet (worn)
 B - a +0 plate armour (worn)
Jewellery
 i - a ring of ice (right hand)
 m - a ring of willpower (left hand)
 y - an amulet of regeneration (around neck)
 E - a ring of protection from cold
Wands
 n - a wand of charming (15)
 C - a wand of flame (19)
Scrolls
 d - 3 scrolls of teleportation
 j - a scroll of enchant armour
 p - a scroll of summoning
 q - a scroll of blinking
 D - a scroll of vulnerability
Potions
 f - a potion of cancellation
 g - 5 potions of haste
 h - a potion of enlightenment
 k - a potion of lignification
 l - 2 potions of resistance
 r - a potion of heal wounds
 s - 2 potions of invisibility
 v - a potion of magic
 x - 3 potions of curing
 A - a potion of mutation {unknown}


   Skills:
 + Level 6.9 Fighting
 + Level 9.3 Long Blades
 + Level 7.5 Armour
 + Level 3.9 Dodging
 + Level 0.9 Stealth
 + Level 6.1 Shields


You had 9 spell levels left.
You didn't know any spells.
Your spell library contained the following spells:

 Spells                   Type           Power      Damage    Failure   Level
 Ensorcelled Hibernation  Hex/Ice        0%         N/A       100%        2
 Lesser Beckoning         Tloc           0%         N/A       100%        2
 Gell's Gravitas          Tloc           0%         N/A       100%        3
 Passwall                 Erth           0%         N/A       100%        3
 Swiftness                Air            0%         N/A       100%        3
 Teleport Other           Tloc           0%         N/A       100%        3
 Dispersal                Tloc           0%         N/A       100%        6


Dungeon Overview and Level Annotations

Branches:
Dungeon (9/15)             Temple (1/1) D:5
   Lair: D:8-11         Orc: D:9-12

Altars:
Ashenzari
Cheibriados
Dithmenos
Fedhas
Gozag
Hepliaklqana
Kikubaaqudgha
Nemelex Xobeh
Okawaru
Qazlal
Ru
Sif Muna
Uskayaw
Vehumet
Wu Jian
Xom
Yredelemnul

Shops:
D:4 *

Annotations:
D:7 2 runed translucent doors, RockinRobin's ghost, novice HOFi


Innate Abilities, Weirdness & Mutations

You regenerate a lot of health from kills.
When seriously injured, your blood forms armour. (AC +6)


Message History

The crimson imp hits you but does no damage.
You closely miss the crimson imp.
The crimson imp blinks!
The crimson imp blinks!
You miss the crimson imp.
The crimson imp hits you but does no damage.
You slash the crimson imp!
The crimson imp is severely wounded.
The crimson imp hits you but does no damage.
You closely miss the crimson imp.
The crimson imp is heavily wounded.
The crimson imp hits you but does no damage.
You closely miss the crimson imp.
The crimson imp is heavily wounded.
You block the crimson imp's attack.
You hit the crimson imp but do no damage.
The crimson imp is moderately wounded.
You block the crimson imp's attack.
You slash the crimson imp!
You kill the crimson imp!
Okawaru accepts your kill.
You see here 3 stones.
You now have 486 gold pieces (gained 23).
You open the door.
There is an open door here.
g - 5 potions of haste (gained 1)
D - a scroll of vulnerability A centaur warrior comes into view.
The centaur warrior wields a +0 orcbow.
The centaur warrior shoots an arrow.
The arrow barely misses you.
The centaur warrior shoots an arrow.
The arrow hits you.
A centaur warrior is nearby!
The centaur warrior shoots an arrow.
The arrow hits you!!
The centaur warrior shoots an arrow.
The arrow hits you!!
Your blood congeals into armour.
The centaur warrior shoots an arrow.
The arrow hits you!
* * * LOW HITPOINT WARNING * * *
The centaur warrior shoots an arrow.
The arrow hits you!!
* * * LOW HITPOINT WARNING * * *
The centaur warrior shoots an arrow.
The arrow hits you!
You die...

.#.#
##.........♣**,*,*,***,,,,*
##.#
##.....##..♣***,****,,,*,*
#.#
##...##*#..,,,⌠,,,,,,,*,*
#.#
##'####..**♣♣,****,,,,,*
#.# #.# #..**♣.*,*,***,,***
#.# #.###.♣♣♣c♣*,**,***,*
#.# ##.##.....♣**,***,,,,*
#.# ##...#.#...♣*..,**,,,**
#.# #........@.♣..#,,*,,**
*,* ##...#.......#**,,,**
*,****#..........#.# *****
*,,.....####.....#,#
***#####* #!......#
#########


You could see a centaur warrior.

Vanquished Creatures
  2 trolls (D:7)
  A hornet (D:9)
  A shadow (D:9)
  3 steam dragons
  Edmund (D:5)
  3 water moccasins
  2 orc warriors
  4 ice beasts
  A black bear (D:8)
  3 sky beasts
  2 ogres (D:5)
  5 centaurs
  3 phantoms
  A kobold brigand (D:7)
  3 bullfrogs
  5 scorpions
  15 wights
  6 killer bees (D:9)
  A howler monkey (D:7)
  4 crimson imps (D:9)
  2 bombardier beetles
  3 orc priests
  2 jellies
  6 hounds
  A sleepcap (D:5)
  Ijyb (D:3)
  5 iguanas
  3 orc wizards
  4 gnolls
  5 adders
  A shadow imp (D:4)
  2 white imps
  2 ufetubi (D:6)
  A dart slug (D:3)
  2 ribbon worms
  18 orcs
  7 bats
  7 endoplasms
  2 giant cockroaches
  5 hobgoblins
  12 jackals
  9 kobolds
  2 quokkas
  6 ball pythons
  2 frilled lizards (D:3)
  8 goblins
  7 rats
191 creatures vanquished.

Notes
Turn   | Place    | Note
-------+----------+-------------------------------------------
     0 | D:1      | Silvore the Demonspawn Fighter began the quest for the Orb.
     0 | D:1      | Reached XP level 1. HP: 18/18 MP: 1/1
    70 | D:1      | Reached skill level 2 in Long Blades
    70 | D:1      | Gained mutation: You regenerate a little health from kills.
                  | [demonic ancestry]
    70 | D:1      | Reached XP level 2. HP: 19/24 MP: 2/2
   212 | D:1      | Found a faded altar of an unknown god.
   292 | D:1      | Gained mutation: You regenerate health from kills. [demonic
                  | ancestry]
   292 | D:1      | Reached XP level 3. HP: 29/29 MP: 3/3
   706 | D:2      | Found a shimmering blue altar of Sif Muna.
  1175 | D:3      | Found an ancient bone altar of Kikubaaqudgha.
  1383 | D:3      | Found an ornate altar of the Wu Jian Council.
  1398 | D:3      | Reached XP level 4. HP: 35/35 MP: 4/4
  1520 | D:3      | Noticed an ice beast
  1535 | D:3      | Killed an ice beast
  1536 | D:3      | Reached skill level 3 in Long Blades
  1536 | D:3      | Reached XP level 5. HP: 25/41 MP: 5/5
  1605 | D:3      | Noticed Ijyb
  1615 | D:3      | Killed Ijyb
  1616 | D:3      | Reached skill level 1 in Dodging
  1780 | D:3      | Found a hide-covered altar of Uskayaw.
  1781 | D:3      | Found a stormy altar of Qazlal.
  1957 | D:3      | Gained mutation: You regenerate a lot of health from kills.
                  | [demonic ancestry]
  1957 | D:3      | Reached XP level 6. HP: 48/48 MP: 6/6
  2328 | D:4      | Found Luonueh's General Store.
  2746 | D:4      | Reached skill level 4 in Long Blades
  3236 | D:4      | Noticed a steam dragon
  3242 | D:4      | Killed a steam dragon
  3243 | D:4      | Reached XP level 7. HP: 14/55 MP: 7/7
  3413 | D:5      | Entered Level 5 of the Dungeon
  3508 | D:5      | Reached skill level 5 in Long Blades
  3627 | D:5      | Found a staircase to the Ecumenical Temple.
  3660 | D:5      | Gained mutation: When seriously injured, your blood forms
                  | armour. (AC +6) [demonic ancestry]
  3660 | D:5      | Reached XP level 8. HP: 61/61 MP: 8/8
  3668 | Temple   | Entered the Ecumenical Temple
  3676 | Temple   | Became a worshipper of Warmaster Okawaru
  3943 | D:5      | Reached skill level 5 in Fighting
  3943 | D:5      | Reached skill level 6 in Long Blades
  3968 | D:5      | Reached * piety under Okawaru
  3981 | D:5      | Reached skill level 5 in Armour
  4218 | D:5      | Noticed Edmund
  4232 | D:5      | Killed Edmund
  4702 | D:6      | Reached skill level 7 in Long Blades
  4707 | D:6      | Reached XP level 9. HP: 65/68 MP: 9/9
  4809 | D:6      | Reached skill level 5 in Shields
  5032 | D:6      | Reached ** piety under Okawaru
  5365 | D:7      | Reached skill level 8 in Long Blades
  5395 | D:7      | Noticed a troll
  5407 | D:7      | Killed a troll
  5426 | D:7      | Noticed a troll
  5433 | D:7      | Killed a troll
  5433 | D:7      | Reached *** piety under Okawaru
  5495 | D:7      | Found a large runed translucent door.
  5496 | D:7      | Found a large runed translucent door.
  5498 | D:7      | Noticed RockinRobin's ghost (novice HOFi)
  5773 | D:7      | Found a hazy altar of Hepliaklqana.
  6241 | D:8      | Reached XP level 10. HP: 74/76 MP: 10/10
  6432 | D:8      | Reached **** piety under Okawaru
  6855 | D:8      | Found a shimmering blue altar of Sif Muna.
  7104 | D:9      | Reached skill level 9 in Long Blades
  7255 | D:9      | Found a shimmering altar of Xom.
  7320 | D:9      | Found a blossoming altar of Fedhas.
  7330 | D:9      | Found a basalt altar of Yredelemnul.
  7331 | D:9      | Found a sparkling altar of Nemelex Xobeh.
  7537 | D:9      | Paralysed by a hornet for 3 turns
  7784 | D:9      | Noticed a centaur warrior
  7788 | D:9      | Shot with an arrow by a centaur warrior

Illustrated notes

Levels and vault maps discovered:
D:1:      dpeg_arrival_subterranean_lakeside_camping, layout_basic,
          shapermc_ecumenical_altar_gd
D:2:      layout_basic, basic_altar, dk_noncrumbling_2, nrook_uturn
D:3:      minmay_chambers_of_twos, layout_loops_corners,
          nicolae_wu_jian_wuxing_cycle, lemuel_round_altar,
          nicolae_overflow_hidden_temple, uniq_ijyb
D:4:      layout_basic, general_overflow_altar, serial_shops,
          nicolae_stop_n_shop_1, minmay_small_thing
D:5:      minmay_octagon_keep, layout_cave_pools, minmay_temple_entry_arrows,
          uniq_edmund
D:6:      layout_basic
D:7:      layout_loops_ring, mainiacjoe_overflow_tiny_flanked,
          ebering_ghost_disaster_area, serial_library_hellmonk_recessed_alcove,
          st_stairs_6
D:8:      layout_loops_ring, led_sif_book
D:9:      layout_loops_corners, led_xom_imps,
          chequers_temple_overflow_statue_of_worship, kb_rosetta
Temple:   nicolae_temple_two_arcs

Skill      XL: |  1  2  3  4  5  6  7  8  9 10 |
---------------+-------------------------------+-----
Long Blades    | 2 3 4 5 7 8 9 |  9.3
Armour         | 3 4 5 6 7 |  7.5
Shields        | 3 4 5 6 |  6.1
Dodging        | 1 2 3 |  3.9
Fighting       | 4 5 6 |  6.9
Stealth        | |  0.9

Action                     |  1- 3 |  4- 6 |  7- 9 | 10-12 || total
---------------------------+-------+-------+-------+-------++-------
  Melee: Long sword        |   139 |   140 |   460 |   282 ||  1021
    Use: Scroll            |     6 |     3 |    11 |     2 ||    22
         Potion            |       |     1 |       |     1 ||     2
 Armour: Scale mail        |   146 |   120 |   408 |       ||   674
         Plate armour      |       |       |    12 |   302 ||   314
  Dodge: Dodged            |    85 |    77 |   307 |    92 ||   561
  Block: Buckler           |    56 |    48 |   182 |   103 ||   389
